Map: 2000 Atmospheres LE

Players

A.I. 1 (Very Easy)

  • Race: Terran Terran
  • Spawn Location: 7:00

Cheddar - Winner!

  • Race: Protoss Protoss
  • League: Platinum
  • Spawn Location: 3:00

VOD

Have the link to the VOD?

Description

Time

  • Played on: July 14, 2022, 5:18 a.m.
  • Length: 7:39
Show
View Real Time Build Order
Export as new Build Order

A.I. 1 (Very Easy) Terran 

Build Orders: Reaper Expand 

Get SALT Encoding   

  12  0:00  SCV  
  13  0:13  SCV  
  14  0:18  Supply Depot  
  14  0:42  Barracks  
  14  1:02  Command Center  
  14  1:29  Supply Depot  
  14  1:30  Orbital Command  
  14  1:31  Marine  
  15  1:36  Refinery  
  15  1:46  Refinery  
  15  1:55  SCV  
  16  2:07  SCV  
  17  2:14  SCV  
  17  2:15  Reaper  
  19  2:22  SCV  
  20  2:29  SCV  
  21  2:36  SCV  
  22  2:43  SCV  
  23  2:45  Refinery  
  23  2:50  SCV  
  24  2:57  SCV  
  25  2:59  Marine  
  25  3:04  SCV  
  27  3:12  Factory, SCV  
  28  3:36  Refinery  
  28  3:38  SCV  
  29  3:43  Marine  
  29  3:46  SCV  
  31  3:53  SCV  
  32  3:56  Supply Depot  
  32  3:58  Starport  
  32  4:00  SCV  
  33  4:07  SCV  
  34  4:14  SCV  
  35  4:22  SCV  
  36  4:28  Marine  
  36  4:29  SCV  
  38  4:36  SCV, Starport Tech Lab  
  38  4:37  Supply Depot  
  39  4:43  SCV  
  40  4:50  SCV  
  41  4:56  Raven  
  41  4:57  SCV  
  44  5:04  SCV  
  45  5:12  SCV, Marine  
  47  5:19  SCV  
  48  5:34  Supply Depot  
  48  5:39  Raven  
  48  5:41  Marine  
  42  5:50  SCV  
  40  5:57  SCV  
  35  6:04  SCV  
  35  6:11  Hellion  
  33  6:12  SCV  
  27  6:19  SCV  
  27  6:21  Raven  
  24  6:26  SCV  
  22  6:33  SCV  
  23  6:40  Hellion, SCV  
  24  6:54  SCV  
  23  7:04  Barracks  
  23  7:07  Supply Depot, SCV, Starport Tech Lab  
  26  7:08  Hellion  
  26  7:16  Supply Depot  
Show
View Real Time Build Order
Export as new Build Order

Cheddar Protoss - Winner!

Build Orders: 1 Gate Expand, Blink Stalkers 

Get SALT Encoding   

  12  0:00  Probe  
  13  0:12  Probe  
  14  0:17  Pylon  
  14  0:25  Probe (Chrono Boost)  
  15  0:37  Probe (Chrono Boost)  
  15  0:38  Gateway  
  16  0:45  Probe (Chrono Boost)  
  16  0:47  Assimilator  
  17  0:56  Probe  
  18  1:08  Probe  
  19  1:20  Probe  
  19  1:25  Cybernetics Core  
  20  1:34  Nexus  
  20  1:39  Pylon  
  20  1:44  Probe  
  21  1:51  Assimilator  
  21  1:56  Probe  
  21  1:58  Adept (Chrono Boost)  
  24  2:03  Warp Gate  
  24  2:08  Probe  
  25  2:21  Probe  
  26  2:30  Twilight Council  
  26  2:38  Stalker  
  26  2:43  Probe  
  29  2:47  Probe, Gateway  
  30  2:55  Probe  
  31  2:59  Probe  
  31  3:02  Blink (Chrono Boost)  
  32  3:07  Probe  
  32  3:11  Probe  
  35  3:20  Probe  
  35  3:23  Probe  
  36  3:28  Robotics Facility  
  36  3:32  Probe  
  37  3:35  Probe  
  38  3:42  Nexus  
  38  3:45  Probe  
  38  3:48  Probe  
  40  3:51  Pylon  
  40  4:00  Stalker x2  
  44  4:12  Warp Prism (Chrono Boost)  
  44  4:13  Pylon  
  44  4:16  Probe x2  
  48  4:25  Stalker  
  48  4:27  Stalker  
  48  4:28  Probe x2  
  54  4:40  Probe x2  
  56  4:50  Stalker x2  
  60  4:58  Probe x2  
  62  5:10  Probe x2  
  62  5:13  Stalker x2  
  68  5:38  Stalker x2  
  72  5:44  Probe  
  73  5:50  Assimilator  
  73  5:53  Probe x2  
  75  6:01  Assimilator  
  75  6:17  Probe  
  75  6:18  Probe  
  77  6:22  Pylon  
  77  6:23  Pylon  
  77  6:29  Pylon  
  77  6:40  Probe x3  
  77  6:41  Pylon  
  80  6:52  Probe x2  
  82  7:02  Probe  
  82  7:04  Probe x2  
  85  7:09  Gateway  
  85  7:10  Gateway  
  85  7:14  Probe  
  85  7:15  Assimilator, Gateway  
  86  7:16  Stalker x2, Probe x2, Gateway  
  86  7:19  Forge  
  86  7:20  Assimilator  
  96  7:23  Forge  
  96  7:26  Probe  
  99  7:30  Templar Archives  
  99  7:32  Pylon  
  99  7:33  Gateway x2  
  99  7:34  Gateway  
  97  7:37  Gateway  
Tags
 
Add a new tag
Caveats
  • Supply blocks, unpowered buildings, or Contaminate may cause inaccurate times.
  • Supply counts are checked every 10 seconds.